[Event "*** Titled Tuesday Blitz"]
[Site "Chess.com"]
[Date "2021.02.09"]
[Round "9"]
[White "Sanyura"]
[Black "ErikBlomqvist"]
[Result "1-0"]
[WhiteElo "2651"]
[BlackElo "2518"]
[TimeControl "180+1"]
[EndTime "11:44:08 PST"]
[Termination "Sanyura won by resignation"]

1. e4 c6 2. Nc3 d5 3. Nf3 Bg4 4. h3 Bh5 5. d3 e6 6. g3 Nd7 7. Bg2 Bd6 8. O-O Ne7 9. Re1 O-O 10. d4 a6 11. a4 a5 12. e5 Bb4 13. g4 Bg6 14. h4 Be4 15. Nxe4 dxe4 16. Rxe4 f5 17. exf6 Nxf6 18. Rxe6 Nxg4 19. c3 Bd6 20. Bg5 Qd7 21. Qb3 Nd5 22. Rae1 Kh8 23. c4 Nf4 24. Bxf4 Rxf4 25. c5 Bf8 26. R6e4 Rxe4 27. Rxe4 Re8 28. Ng5 g6 29. Qf7 Qxf7 30. Nxf7+ Kg7 31. Rxe8 Kxf7 1-0

[Event "*** Titled Tuesday Blitz"]
[Site "Chess.com"]
[Date "2021.02.09"]
[Round "9"]
[White "enriquebutti"]
[Black "BvsN"]
[Result "1-0"]
[WhiteElo "2199"]
[BlackElo "2332"]
[TimeControl "180+1"]
[EndTime "11:44:08 PST"]
[Termination "enriquebutti won on time"]

1. d4 d5 2. c4 c6 3. Nf3 Nf6 4. Nc3 e6 5. e3 Nbd7 6. Bd3 dxc4 7. Bxc4 b5 8. Be2 Bb7 9. e4 b4 10. e5 bxc3 11. exf6 cxb2 12. fxg7 bxa1=Q 13. gxh8=Q Qa5+ 14. Bd2 Qxd1+ 15. Bxd1 Qf5 16. O-O O-O-O 17. d5 e5 18. dxc6 Bxc6 19. Qg8 Bh6 20. Qg3 Bxf3 21. Bxh6 Bb7 22.
Bg4 Qg6 23. Rc1+ Kb8 24. Be3 f5 25. Be2 Qxg3 26. hxg3 Rc8 27. Bb5 Rxc1+ 28. Bxc1 Nf6 29. Bb2 1-0

[Event "*** Titled Tuesday Blitz"]
[Site "Chess.com"]
[Date "2021.02.09"]
[Round "9"]
[White "zacachess"]
[Black "Etud-otradnoe"]
[Result "1-0"]
[WhiteElo "2421"]
[BlackElo "2299"]
[TimeControl "180+1"]
[EndTime "11:44:09 PST"]
[Termination "zacachess won by checkmate"]

1. e4 e6 2. d4 d5 3. e5 c5 4.
c3 Qb6 5. Nf3 Bd7 6. a3 a5 7. Bd3 a4 8. O-O Nc6 9. Qe2 Na7 10.
Nbd2 cxd4 11. Nxd4 Ne7 12. N2f3 Nec6 13. Bf4 Bc5 14. Nxc6 bxc6 15. Ng5 h6 16. Qh5 O-O 17. Nh7 Qxb2 18. Bxh6 Qxc3 19. Rad1 Bd4 20. Nf6+ gxf6 21. Qg4+ Kh8 22. Qg7# 1-0

[Event "*** Titled Tuesday Blitz"]
[Site "Chess.com"]
[Date "2021.02.09"]
[Round "9"]
[White "CalinGheorghiu"]
[Black "GM_LOADING"]
[Result "0-1"]
[WhiteElo "2311"]
[BlackElo "2472"]
[TimeControl "180+1"]
[EndTime "11:44:10 PST"]
[Termination "GM_LOADING won on time"]

1. e4 e5 2. Nf3 Nc6 3. Nc3 Nf6 4. d4 exd4 5. Nxd4 Bb4 6. Nxc6 bxc6 7. Bd3 O-O 8. O-O d5 9. exd5 cxd5 10. h3 c6 11. Qf3 Re8 12. Bg5 Be7 13. Rfe1 Be6 14.
Ne2 Rb8 15. b3 h6 16. Bh4 Bd7 17. Nd4 Ne4 18. Bxe7 Qxe7 19. Nf5 Qf6 20. g4 Bxf5 21.
gxf5 Nc3 22. Qg3 c5 23. Kh1 a5 24. a4 d4 25. Kh2 Nd5 26. Bb5 Red8 27. Re5 Nb4 28. Re2 d3 29. cxd3 Qxa1 30. Re7 Qf6 31. Rc7 Qd6 0-1

[Event "*** Titled Tuesday Blitz"]
[Site "Chess.com"]
[Date "2021.02.09"]
[Round "9"]
[White "BigAl"]
[Black "Irina_Baraeva"]
[Result "1-0"]
[WhiteElo "2472"]
[BlackElo "2306"]
[TimeControl "180+1"]
[EndTime "11:44:12 PST"]
[Termination "BigAl won by resignation"]

1. Nf3 d5 2. g3 Bg4 3. Bg2 c6 4. O-O Nd7 5. d3 e5 6. c4 Ngf6 7. cxd5 cxd5 8. Nc3 Be7 9. h3 Bh5 10. g4 Bg6 11. g5 Nh5 12. Nxd5 h6 13. gxh6 gxh6 14. Qa4 Nf6 15. Nxe5 b5 16. Qxb5 Rb8 17. Nxf6+ Bxf6 18. Qxd7+ Qxd7 19. Nxd7 Kxd7 20. Bf4 Rxb2 21. e3 Rc8 22. Bxh6 Rcc2 23. a4 Ke7 24. Rab1 Bxd3 25.
Rxb2 Rxb2 26. Rc1 Bh4 27. Rc7+ Kf6 28. Bf4 Bxf2+ 29. Kh2 Bxe3 30. Bxe3 Be4 31. Bd4+ Ke6 32. Bxb2 Kd6 33. Rxa7 1-0

[Event "*** Titled Tuesday Blitz"]
[Site "Chess.com"]
[Date "2021.02.09"]
[Round "9"]
[White "kakorrhaphiophobie"]
[Black "MVM2008"]
[Result "1-0"]
[WhiteElo "2330"]
[BlackElo "2126"]
[TimeControl "180+1"]
[EndTime "11:44:12 PST"]
[Termination "kakorrhaphiophobie won by checkmate"]

1. e4 c6 2. d4 d5 3. e5 c5 4. dxc5 Nc6 5. Nf3 Bg4 6. c3 e6 7. b4 Bxf3 8. Qxf3 Nxe5 9. Bb5+ Nc6 10. a3 Nf6 11. O-O Be7 12. Nd2 O-O 13. Bb2 a6 14. Bd3 e5 15. Be2 e4 16. Qe3 Ne5 17. c4 Nfg4 18.
Qg3 f5 19. Bxe5 Bh4 20. Qc3 Qg5 21. Bxg4 Qxg4 22. cxd5 Rae8 23. f3 Qg5 24. f4 Qh6 25.
Nc4 g5 26. g3 gxf4 27. gxh4 f3 28. Kh1 Qxh4 29. Rg1+ Kf7 30. Rg7# 1-0

[Event "*** Titled Tuesday Blitz"]
[Site "Chess.com"]
[Date "2021.02.09"]
[Round "9"]
[White "WilliamSchill"]
[Black "MasterMK73"]
[Result "0-1"]
[WhiteElo "1981"]
[BlackElo "2227"]
[TimeControl "180+1"]
[EndTime "11:44:12 PST"]
[Termination "MasterMK73 won by resignation"]

1. e4 c5 2. Nf3 a6 3. c3 d6 4.
d4 Qc7 5. Bd3 g6 6. O-O Bg7 7.
Be3 Nd7 8. Nbd2 Ngf6 9. h3 O-O 10. Re1 b5 11. Rc1 c4 12. Bb1 Bb7 13. Bf4 e5 14. Bh2 h6 15. Nf1 Rad8 16. d5 Ne8 17. g4 Nb6 18.
Ne3 Bc8 19. Bg3 Qe7 20. Kg2 Bf6 21. Rh1 Ng7 22. h4 Ne8 23. Rh2 Bg7 24. Qe2 Nf6 25. g5 Nh5 26. Rhh1 Nf4+ 27. Bxf4 exf4 28. Nf1 Nxd5 29.
N1h2 Nb6 30. Rhd1 d5 31. Qc2 Qe6 32. exd5 Qh3+ 33. Kg1 Nxd5 34. Qe4 Bb7 0-1

[Event "*** Titled Tuesday Blitz"]
[Site "Chess.com"]
[Date "2021.02.09"]
[Round "9"]
[White "StockholmMissile"]
[Black "Goryachkina"]
[Result "1-0"]
[WhiteElo "2519"]
[BlackElo "2658"]
[TimeControl "180+1"]
[EndTime "11:44:13 PST"]
[Termination "StockholmMissile won by resignation"]

1. d4 Nf6 2. c4 e6 3. Nf3 d5 4.
Bg5 h6 5. Bxf6 Qxf6 6. Qb3 c6 7.
e3 g6 8. Nbd2 Bg7 9. Bd3 O-O 10.
O-O Nd7 11. e4 dxe4 12. Nxe4 Qf4 13. Rad1 f5 14. Nc3 g5 15. c5 g4 16. Qxe6+ Kh7 17. Nh4 Ne5 18. Qb3 Nf3+ 19. Nxf3 gxf3 20. g3 Qg4 21. Rfe1 h5 22. d5 h4 23. Qc4 hxg3 24. Qxg4 1-0

[Event "*** Titled Tuesday Blitz"]
[Site "Chess.com"]
[Date "2021.02.09"]
[Round "9"]
[White "BairaKovanova"]
[Black "Sofiia_Hryzlova"]
[Result "1-0"]
[WhiteElo "2470"]
[BlackElo "2266"]
[TimeControl "180+1"]
[EndTime "11:44:14 PST"]
[Termination "BairaKovanova won on time"]

1. Nf3 d5 2. g3 Nf6 3. Bg2 Nbd7 4. d3 e5 5. c4 c6 6. Nc3 Bd6 7. O-O O-O 8. e4 d4 9. Ne2 Ne8 10. Nh4 a5 11. Nf5 Nc5 12. Nxd6 Nxd6 13. f4 f6 14. h3 b5 15. b3 Be6 16. g4 Bf7 17. Ng3 Ne6 18. f5 Nc7 19. h4 a4 20. Ba3 axb3 21. axb3 Qd7 22. g5 Kh8 23. Qg4 Na6 24. Bxd6 Qxd6 25. g6 Bg8 26. gxh7 Bxh7 27. Nh5 Rg8 28. Rf3 Nb4 29. Rxa8 1-0

[Event "*** Titled Tuesday Blitz"]
[Site "Chess.com"]
[Date "2021.02.09"]
[Round "9"]
[White "Piotrek1979"]
[Black "Shuvalov"]
[Result "1-0"]
[WhiteElo "2396"]
[BlackElo "2487"]
[TimeControl "180+1"]
[EndTime "11:44:15 PST"]
[Termination "Piotrek1979 won by checkmate"]

1. e4 e6 2. d4 d5 3. exd5 exd5 4. Nf3 Nf6 5. Bd3 c5 6. O-O c4 7. Re1+ Be7 8. Be2 O-O 9. b3 cxb3 10. axb3 Bf5 11. c4 Nc6 12. Nc3 Bb4 13. Bb2 Ne4 14. Nxd5 Bxe1 15. Qxe1 Re8 16. Ne3 Bg6 17. d5 Ne7 18.
Ne5 Nf5 19. Nxg6 hxg6 20. Nxf5 gxf5 21. Bf3 Qb6 22. b4 a5 23. Bxe4 Rxe4 24. Qc3 f6 25. bxa5 Qc5 26. Ra4 Rae8 27. g3 Re2 28. Qf3 Rxb2 29.
a6 bxa6 30. Rxa6 Re1+ 31. Kg2 Ree2 32. Ra8+ Kf7 33. Qh5+ Ke7 34. Qe8+ Kd6 35. Rd8+ Kc7 36. Rd7+ Kb6 37. Qb8+ Ka6 38. Qa8+ Kb6 39. Qa7# 1-0

[Event "*** Titled Tuesday Blitz"]
[Site "Chess.com"]
[Date "2021.02.09"]
[Round "9"]
[White "Ave_Mariia"]
[Black "kekic76"]
[Result "1-0"]
[WhiteElo "2493"]
[BlackElo "2370"]
[TimeControl "180+1"]
[EndTime "11:44:15 PST"]
[Termination "Ave_Mariia won by resignation"]

1. d4 d6 2. c4 e5 3. Nf3 Nc6 4. d5 Nce7 5. Nc3 f5 6. e4 Nf6 7.
exf5 Bxf5 8. Bg5 h6 9. Bxf6 gxf6 10. Nh4 Qd7 11. Qh5+ Kd8 12. Be2 a6 13. Qf7 Rg8 14. Nxf5 Qxf5 15. Bh5 Kd7 16. g4 Qf3 17. Qe6+ Kd8 18.
Rg1 f5 19. Qf7 Kd7 20. c5 dxc5 21. Qe6+ Kd8 22. d6 cxd6 23. Rd1 Nc6 24. Qxg8 Kc7 25. Qf7+ Kb6 26. Qxf5 Qh3 27. Nd5+ Ka7 28. Qd3 Nd4 29.
Qxh3 1-0

[Event "*** Titled Tuesday Blitz"]
[Site "Chess.com"]
[Date "2021.02.09"]
[Round "9"]
[White "Darius321"]
[Black "onnoelgersma"]
[Result "1-0"]
[WhiteElo "2288"]
[BlackElo "2428"]
[TimeControl "180+1"]
[EndTime "11:44:18 PST"]
[Termination "Darius321 won by resignation"]

1. e4 c5 2. Nf3 e6 3. c3 d5 4. e5 Nc6 5. d4 Bd7 6. Na3 Rc8 7. Nc2 Qa5 8. Be2 cxd4 9. Ncxd4 Nge7 10. O-O Ng6 11. Nxc6 bxc6 12. Bd3 Qc7 13. Re1 c5 14. h4 Ne7 15. h5 h6 16. Bf4 Nc6 17. c4 d4 18. Nd2 Be7 19. Qf3 Rb8 20. b3 a5 21.
Qg3 Kf8 22. Ne4 Nb4 23. Rad1 a4 24. Nf6 axb3 25. axb3 Na2 26. Nh7+ Rxh7 27. Bxh7 Nc3 28. Bxh6 Ke8 29. Qxg7 Kd8 30. Qxf7 Nxd1 31. Bg6 Kc8 32.
Rxd1 Bd8 33. Bf4 Rxb3 34. h6 d3 35. h7 d2 36. h8=Q Rc3 37. Rxd2 Rc1+ 38. Kh2 1-0

[Event "*** Titled Tuesday Blitz"]
[Site "Chess.com"]
[Date "2021.02.09"]
[Round "9"]
[White "anantone"]
[Black "shaheus"]
[Result "1-0"]
[WhiteElo "2561"]
[BlackElo "2398"]
[TimeControl "180+1"]
[EndTime "11:44:20 PST"]
[Termination "anantone won on time"]

1. e4 c5 2. Nf3 Nc6 3. d4 cxd4 4. Nxd4 Nf6 5. Nc3 d6 6. Bg5 e6 7. Qd2 a6 8. O-O-O h6 9. Nxc6 bxc6 10. Bf4 d5 11.
Bd3 Be7 12. g4 Qa5 13. Kb1 d4 14. Nd5 Qxd2 15. Nxf6+ gxf6 16. Bxd2 c5 17. f4 Bb7 18.
h4 c4 19. Bxc4 Bxe4 20. Rhf1 f5 21. Bd3 Bxd3 22. cxd3 fxg4 23. f5 Bxh4 24. fxe6 fxe6 25. Rf4 O-O-O 26. Rxg4 Bf6 27. Rg6 Rdf8 28. Bxh6 Rf7 29. Rf1 Kd7 30. Rfxf6 1-0

[Event "*** Titled Tuesday Blitz"]
[Site "Chess.com"]
[Date "2021.02.09"]
[Round "9"]
[White "MarceloPlaya"]
[Black "TheSodabread"]
[Result "1-0"]
[WhiteElo "2273"]
[BlackElo "2106"]
[TimeControl "180+1"]
[EndTime "11:44:20 PST"]
[Termination "MarceloPlaya won on time"]

1. e4 e5 2. Nf3 Nf6 3. Nxe5 Nc6 4.
Nxf7 Kxf7 5. Nc3 Bb4 6. Bc4+ Kf8 7. d3 d5 8. exd5 Ne5 9. O-O Nxc4 10. dxc4 Bxc3 11. bxc3 Bg4 12. Ba3+ Kf7 13. f3 Bh5 14.
Rb1 b6 15. Qd4 Re8 16. Rfe1 c5 17. dxc6 Qc7 18. c5 Rad8 19. Qc4+ Nd5 20. Rxe8 Kxe8 21. cxb6 axb6 22. Re1+ Kf7 23. Rd1 b5 24. Qxb5 Qe5 25.
Qc5 Ra8 26. c4 Qe3+ 27. Qxe3 Nxe3 28. Rd7+ Kf6 29. c7 1-0

[Event "*** Titled Tuesday Blitz"]
[Site "Chess.com"]
[Date "2021.02.09"]
[Round "9"]
[White "sergeikim"]
[Black "Sjakkerntobi"]
[Result "1-0"]
[WhiteElo "2426"]
[BlackElo "2304"]
[TimeControl "180+1"]
[EndTime "11:44:22 PST"]
[Termination "sergeikim won by resignation"]

1. d4 e6 2. c4 Nf6 3. Nc3 c5 4. d5 exd5 5. cxd5 d6 6. e4 g6 7. Nge2 Bg7 8. Ng3 h5 9. Be2 h4 10. Nf1 Qe7 11. Nd2 a6 12. a4 Nbd7 13. Nc4 Ne5 14.
Nb6 Rb8 15. h3 Nh5 16. O-O Qd8 17. a5 Nd7 18. Nc4 Ne5 19. Nb6 Nd7 20. Nxc8 Rxc8 21. Ra3 Qf6 22. Bg4 Rc7 23. Na4 Nf4 24. Bxd7+ Rxd7 25. Rf3 g5 26. Nb6 Re7 27. Qa4+ Kd8 28. Re1 Nxh3+ 29.
Rxh3 g4 30. Rhe3 h3 31. e5 hxg2 32. exf6 1-0

[Event "*** Titled Tuesday Blitz"]
[Site "Chess.com"]
[Date "2021.02.09"]
[Round "9"]
[White "Eternauta2400"]
[Black "politeplayer"]
[Result "0-1"]
[WhiteElo "2370"]
[BlackElo "2217"]
[TimeControl "180+1"]
[EndTime "11:44:23 PST"]
[Termination "politeplayer won on time"]

1. e4 e5 2. Nf3 Nf6 3. Nxe5 d6 4. Nf3 Be7 5. Nc3 O-O 6. Be2 Nc6 7. O-O Bg4 8. h3 Bxf3 9. Bxf3 Nd4 10. d3 c6 11.
Be3 Nxf3+ 12. Qxf3 Qa5 13. a3 Nd7 14. Rfe1 Bf6 15.
d4 Rfe8 16. b4 Qc7 17. Rad1 a5 18. g4 axb4 19. axb4 Ra3 20. Bf4 Nb6 21. g5 Be7 22.
Ra1 Rea8 23. Rxa3 Rxa3 24. Re3 Nc4 25. Rd3 Nb2 26. Re3 Nc4 27. Rd3 Nb2 28. Re3 Qb6 29. e5 d5 30. Bh2 Qxd4 31. Ne2 Rxe3 32. Qxe3 Qxe3 33. fxe3 Bxb4 34. Bf4 Nd1 0-1

[Event "*** Titled Tuesday Blitz"]
[Site "Chess.com"]
[Date "2021.02.09"]
[Round "9"]
[White "hypert"]
[Black "Nils_03"]
[Result "1-0"]
[WhiteElo "2508"]
[BlackElo "2340"]
[TimeControl "180+1"]
[EndTime "11:44:24 PST"]
[Termination "hypert won by checkmate"]

1. e4 e5 2. Nc3 Nf6 3. Nf3 Nc6 4.
d4 exd4 5. Nxd4 Bb4 6. Nxc6 bxc6 7. Bd3 O-O 8. O-O d5 9. Bd2 Bxc3 10. Bxc3 Nxe4 11.
Bxe4 dxe4 12. Re1 Qxd1 13. Raxd1 Bf5 14. Rd4 Rfd8 15. Rc4 Rd6 16. h3 Re6 17. Rc5 Bg6 18. b3 Rd8 19. Ra5 e3 20. fxe3 Bxc2 21. Rxa7 h5 22.
Rxc7 Ra8 23. a4 Bxb3 24. a5 Bd5 25. Kf2 Re4 26. Ra1 Rc4 27. Ra3 Rxc3 28. Rxc3 Rxa5 29.
Rc2 f5 30. Rb2 h4 31. g3 hxg3+ 32. Kxg3 Ra1 33. Rb8+ Kh7 34. Rbb7 Rg1+ 35. Kf4 Be4 36. Re7 Kh6 37. Rbd7 Rf1+ 38. Ke5 Rg1 39. Rd6+ Kh7 40. h4 Rh1 41. Rdd7 Rg1 42. h5 Kh6 43. Rc7 Kh7 44. Ke6 Kh6 45. Rcd7 Kh7 46. Kf7 Kh6 47. Kg8 Kxh5 48. Rxg7 Ra1 49. Kf7 Kh6 50. Kf6 Kh5 51. Rg5+ Kh4 52. Rh7# 1-0

[Event "*** Titled Tuesday Blitz"]
[Site "Chess.com"]
[Date "2021.02.09"]
[Round "9"]
[White "andrzej"]
[Black "Grimlock_Glasgow"]
[Result "0-1"]
[WhiteElo "2331"]
[BlackElo "2472"]
[TimeControl "180+1"]
[EndTime "11:44:24 PST"]
[Termination "Grimlock_Glasgow won by checkmate"]

1. e4 e5 2. Nf3 d5 3. exd5 Bd6 4. d4 e4 5. Ne5 Nf6 6. c4 c5 7. f4 cxd4 8. Qxd4 Na6 9. Qf2 O-O 10.
Nc3 Nc5 11. Be2 e3 12. Bxe3 Nfe4 13. Nxe4 Nxe4 14. Qf3 Qa5+ 15. Kf1 Nd2+ 16. Bxd2 Qxd2 17. Nd3 Bf5 18. Rd1 Qa5 19. a3 Rfe8 20. Qf2 Rac8 21. Ne1 Bc5 22. Qh4 Qa4 23. g4 Rxe2 24. Kxe2 Re8+ 25.
Kf1 Qxd1 26. gxf5 Rxe1+ 27. Qxe1 Qf3+ 28. Qf2 Qxf2# 0-1

[Event "*** Titled Tuesday Blitz"]
[Site "Chess.com"]
[Date "2021.02.09"]
[Round "9"]
[White "Colombiano07"]
[Black "HouseOfDurin"]
[Result "1-0"]
[WhiteElo "2321"]
[BlackElo "2116"]
[TimeControl "180+1"]
[EndTime "11:44:24 PST"]
[Termination "Colombiano07 won on time"]

1. d4 Nf6 2. c4 c5 3. d5 b5 4. cxb5 a6 5. Nc3 axb5 6. e4 b4 7. Nb5 Ba6 8. e5 Bxb5 9. Bxb5 Qa5 10. Bc4 Ne4 11. Nf3 b3+ 12. Nd2 Nxd2 13. Bxd2 Qc7 14. Bc3 Rxa2 15. O-O e6 16. Qxb3 Ra7 17. d6 Qb7 18.
Qxb7 Rxb7 19. Ra8 f6 20. f4 Kf7 21. Rfa1 fxe5 22. fxe5 g6 23. R1a7 Rxa7 24. Rxa7 Bh6 25.
Bb5 Be3+ 26. Kf1 Rd8 27. Ba5 Rc8 28. Bc7 c4 29. Ra8 1-0

[Event "*** Titled Tuesday Blitz"]
[Site "Chess.com"]
[Date "2021.02.09"]
[Round "9"]
[White "vovachesss"]
[Black "InitiatingASC"]
[Result "0-1"]
[WhiteElo "2702"]
[BlackElo "2428"]
[TimeControl "180+1"]
[EndTime "11:44:26 PST"]
[Termination "InitiatingASC won by checkmate"]

1. f3 f6 2. Kf2 Kf7 3. Ke3 Ke6 4. d3 d6 5. Kd2 Kd7 6. Kc3 Kc6 7. b3 b6 8. Kb2 Kb7 9. e4 e5 10. d4 exd4 11. Qxd4 Be6 12. c4 Nc6 13. Qf2 g6 14. Bd2 Bg7 15. Bc3 Qd7 16. Nd2 f5 17. Ne2 Bxc3+ 18. Nxc3 Qg7 19. Bd3 Nge7 20. Rad1 Ne5 21. Bc2 a5 22. a4 Rhf8 23. Rhe1 N7c6 24. exf5 Bxf5 25. Nde4 Nb4 26. Qd2 Rae8 27. Bb1 Bd7 28. Ka3 Bc6 29. Nb5 Rf4 30. Qxf4 Nxc4+ 31. bxc4 Qa1+ 32. Kb3 Re5 33. Qd2 d5 34. Qb2 dxc4+ 35. Kc3 Qxa4 36. Nd4 Nd5+ 37. Kd2 c3+ 38. Nxc3 Qxd4+ 39. Kc1 Rxe1 40. Rxe1 Nxc3 41. Qd2 Qb4 42. g3 Qxb1# 0-1

[Event "*** Titled Tuesday Blitz"]
[Site "Chess.com"]
[Date "2021.02.09"]
[Round "9"]
[White "L1m96"]
[Black "guillembaches"]
[Result "0-1"]
[WhiteElo "2523"]
[BlackElo "2435"]
[TimeControl "180+1"]
[EndTime "11:44:27 PST"]
[Termination "guillembaches won by resignation"]

1. e4 c5 2. Nf3 d6 3. d4 cxd4 4. Nxd4 Nf6 5. Nc3 Nc6 6. Bg5 e6 7. Qd2 h6 8. Bxf6 gxf6 9. O-O-O a6 10. f4 Bd7 11. g3 Qb6 12. Kb1 h5 13. f5 Bh6 14.
Qd3 Nxd4 15. Qxd4 Qxd4 16. Rxd4 Ke7 17. Be2 Bc6 18. Rhd1 Rad8 19. R4d3 h4 20. g4 Bf4 21. h3 Be5 22. a3 b5 23. Bf3 Rc8 24. Ne2 a5 25.
Nd4 Bd7 26. Be2 b4 27. axb4 axb4 28. Rb3 Rb8 29. Nf3 Bg3 30. Nd4 Rhc8 31. Re3 Rc5 32. Nb3 Rc7 33. Na5 Be5 34. Nc4 Bf4 35. Rf3 Bg3 36. Na5 Ra8 37. Nb3 Ba4 38. Bd3 Be5 39. Re3 Rca7 40. Re2 Bc6 41. Bc4 Ra2 42. c3 bxc3 43.
bxc3 Rxe2 44. Bxe2 Bxe4+ 45. Kb2 Rc8 46. Rc1 Bg2 47. Bf1 Bxf1 48. Rxf1 Rxc3 0-1

[Event "*** Titled Tuesday Blitz"]
[Site "Chess.com"]
[Date "2021.02.09"]
[Round "9"]
[White "dozer80"]
[Black "Evgeny81"]
[Result "0-1"]
[WhiteElo "2628"]
[BlackElo "2755"]
[TimeControl "180+1"]
[EndTime "11:44:28 PST"]
[Termination "Evgeny81 won by resignation"]

1. e4 c5 2. Nf3 e6 3. d4 cxd4 4. Nxd4 a6 5. Bd3 Bc5 6. Nb3 Be7 7. Qg4 g6 8. Qe2 d6 9. O-O b6 10. f4 Bb7 11. c4 Nf6 12. Nc3 Nc6 13. Be3 Qc7 14. Rac1 Nb4 15. Bb1 Qd8 16. a3 Nc6 17.
Rfd1 Nd7 18. Kh1 O-O 19. Qf2 Rb8 20. Rf1 Nc5 21. Nd2 Bh4 22. Qf3 Bf6 23. b4 Nd7 24. Qh3 Bc8 25. Nf3 Bg7 26. Qg3 Qe7 27. Rfe1 Nf6 28. Bd2 Nh5 29. Qf2 Kh8 30. Nd5 Qd8 31.
Nc3 f5 32. exf5 gxf5 33. Ng5 Qf6 34. Ne2 Qg6 35. Bc3 Nf6 36. Nd4 Ng4 37. Qg1 Nxd4 38. Bxd4 e5 39. Bb2 exf4 40. Nf3 Bxb2 41. Rc2 Bg7 42.
Rce2 Bb7 43. Re6 Rf6 44. Re7 Ne3 45. Nd4 0-1

[Event "*** Titled Tuesday Blitz"]
[Site "Chess.com"]
[Date "2021.02.09"]
[Round "9"]
[White "1977Ivan"]
[Black "Skat2704"]
[Result "0-1"]
[WhiteElo "2667"]
[BlackElo "2544"]
[TimeControl "180+1"]
[EndTime "11:44:28 PST"]
[Termination "Skat2704 won by resignation"]

1. e4 c5 2. Nc3 e6 3. Nge2 Nc6 4. g3 g6 5. d4 cxd4 6. Nxd4 d5 7. Bb5 Bd7 8. exd5 exd5 9. O-O Bg7 10. Re1+ Kf8 11. Nb3 Nf6 12. Bf4 Kg8 13. Nxd5 Nxd5 14. Qxd5 h5 15.
Rad1 Be6 16. Qxd8+ Rxd8 17. Rxd8+ Nxd8 18. c3 Bf6 19.
Nc5 Kg7 20. Be5 Bxe5 21. Rxe5 Bxa2 22. Re7 Kf6 23. Rc7 Bd5 24. f4 Ne6 25. Nxe6 Kxe6 26. Kf2 Rd8 27. Bc4 Bxc4 28. Rxc4 Rd2+ 29. Ke3 Rxb2 30.
h4 a5 31. Rc5 b5 32. Rc6+ Kd5 33. Rf6 a4 34. Rxf7 a3 35. Ra7 a2 36. Kd3 Rg2 37.
Ra5 Rxg3+ 38. Kc2 Rg1 39. Kb3 a1=Q 0-1

[Event "*** Titled Tuesday Blitz"]
[Site "Chess.com"]
[Date "2021.02.09"]
[Round "9"]
[White "NikolasTheiss"]
[Black "bsnsun"]
[Result "0-1"]
[WhiteElo "2321"]
[BlackElo "2445"]
[TimeControl "180+1"]
[EndTime "11:44:29 PST"]
[Termination "bsnsun won on time"]

1. h4 e5 2. h5 h6 3. d4 exd4 4. Qxd4 Nc6 5. Qd1 Nf6 6. Nc3 d5 7. Bf4 Bg4 8. Nf3 Bxh5 9. Ne5 Be7 10. g4 Nxe5 11. gxh5 Nc4 12. Nb5 Nd6 13. Nd4 Nfe4 14. Nf3 c6 15. Qd4 Bf6 16. Be5 Nf5 17. Bxf6 Qxf6 18.
Qxf6 Nxf6 19. O-O-O O-O-O 20. e3 Kb8 21. Bd3 Nd6 22.
Rdg1 Rhg8 23. Rg2 Nde4 24. Bxe4 dxe4 25. Nd4 Rd5 26. Rh4 Rxh5 27. Rxh5 Nxh5 28. Nf5 Nf6 29.
Nd6 h5 30. Nxf7 Kc7 31. Ng5 Kd6 32. Rh2 Ke5 33. f4+ exf3 34. Nxf3+ Ke4 35. Nd2+ Kxe3 36. Rh4 g5 37. Rb4 b6 38. Kd1 g4 39. Ke1 g3 40.
Nf1+ Kf3 41. Nd2+ Kg2 42. Rh4 Re8+ 43. Kd1 Ng4 44. Nc4 b5 0-1

[Event "*** Titled Tuesday Blitz"]
[Site "Chess.com"]
[Date "2021.02.09"]
[Round "9"]
[White "Cambek64"]
[Black "Nachsueb"]
[Result "1-0"]
[WhiteElo "2351"]
[BlackElo "2185"]
[TimeControl "180+1"]
[EndTime "11:44:31 PST"]
[Termination "Cambek64 won by resignation"]

1. e4 c5 2. Nc3 Nc6 3. d3 e6 4.
f4 a6 5. Nf3 g6 6. Be3 Bg7 7. Bxc5 d5 8. Bf2 dxe4 9. dxe4 Qxd1+ 10. Rxd1 Bxc3+ 11. bxc3 Nge7 12. Bd3 O-O 13. c4 f6 14. Bc5 Re8 15. Bd6 Bd7 16. e5 Nc8 17. c5 Kf7 18. O-O Nb4 19. exf6 Nxd6 20. cxd6 Kxf6 21.
Ne5 Ba4 22. Rb1 Nc6 23. Ng4+ Kf7 24. Rxb7+ Kf8 25. Nf6 Red8 26. Nxh7+ Kg8 27. Nf6+ Kf8 28. Bxg6 Ra7 29. Rxa7 Nxa7 30. Rb1 Rxd6 31. Rb7 Rd1+ 32. Kf2 Bd7 33. Nxd7+ Kg7 34. Ne5+ Kf6 35. Rxa7 Rd2+ 36. Ke3 Rd3+ 1-0

[Event "*** Titled Tuesday Blitz"]
[Site "Chess.com"]
[Date "2021.02.09"]
[Round "9"]
[White "LenkaPtacnikova"]
[Black "michaelshahade"]
[Result "1-0"]
[WhiteElo "2128"]
[BlackElo "1940"]
[TimeControl "180+1"]
[EndTime "11:44:31 PST"]
[Termination "LenkaPtacnikova won by resignation"]

1. d4 Nf6 2. c4 e6 3. Nc3 Bb4 4. Qc2 O-O 5. Bg5 c5 6. dxc5 Bxc5 7. Nf3 Qb6 8. e3 Be7 9. Bd3 h6 10. Bf4 d6 11. h3 Nc6 12. a3 Bd7 13. O-O Rfd8 14.
b4 Be8 15. Rfd1 a6 16. Rac1 Rac8 17. Qe2 Nd7 18. e4 Nde5 19. Be3 Qc7 20. Nd5 exd5 21. cxd5 Nxf3+ 22. gxf3 Qd7 23. dxc6 Rxc6 24. Rxc6 Qxc6 25. Bc4 Qd7 26. Qf1 Bg5 27. f4 Bh4 28. Qg2 Qc7 29. Bd5 Bc6 30. Rc1 Qd7 31. Bd4 Bg5 32.
fxg5 Bxd5 33. exd5 hxg5 34. Qxg5 1-0

[Event "*** Titled Tuesday Blitz"]
[Site "Chess.com"]
[Date "2021.02.09"]
[Round "9"]
[White "csati17"]
[Black "eljanov"]
[Result "1-0"]
[WhiteElo "2590"]
[BlackElo "2879"]
[TimeControl "180+1"]
[EndTime "11:44:32 PST"]
[Termination "csati17 won by resignation"]

1. c4 Nf6 2. Nc3 e5 3. g3 Bb4 4. Bg2 Bxc3 5. dxc3 O-O 6. Nf3 d6 7. O-O Nc6 8. Qc2 h6 9. b3 Be6 10. Rd1 Qc8 11. Ba3 Re8 12. Nd2 Bh3 13. e4 Bxg2 14. Kxg2 Nh7 15. c5 Ng5 16. h4 Qh3+ 17. Kg1 Re6 18. Qd3 Nh7 19. cxd6 cxd6 20. Qf1 Qg4 21. Kh2 Rc8 22. f3 Qh5 23. Nc4 Ng5 24. Kg2 Nh7 25.
Nxd6 Rb8 26. Nf5 Rg6 27. g4 Nf6 28. Kh2 Nxg4+ 29. fxg4 Qxg4 30. Rd2 Kh7 31. Re1 Qh5 32. Rd7 Rg4 33. Qf3 Re8 34. Rg1 Rxh4+ 35. Nxh4 Qxh4+ 36. Qh3 Qf2+ 37. Rg2 Qf6 38. Qf5+ Qxf5 39. exf5 e4 40.
Rxf7 Ne5 41. Rfxg7+ Kh8 42. Re7 Nf3+ 43. Kh3 1-0

[Event "*** Titled Tuesday Blitz"]
[Site "Chess.com"]
[Date "2021.02.09"]
[Round "9"]
[White "Heineccius"]
[Black "JoliyRoger"]
[Result "1-0"]
[WhiteElo "2568"]
[BlackElo "2429"]
[TimeControl "180+1"]
[EndTime "11:44:32 PST"]
[Termination "Heineccius won on time"]

1. d4 Nf6 2. c4 e6 3. Nc3 Bb4 4. g3 c5 5. Nf3 cxd4 6. Nxd4 Nc6 7. Bg2 Qb6 8. Nc2 Be7 9. O-O a6 10. Be3 Qc7 11. Na4 b5 12. Nb6 Rb8 13. Nxc8 Rxc8 14.
c5 O-O 15. b4 d6 16. cxd6 Bxd6 17. Rc1 Qe7 18. a3 Rfd8 19. Nd4 Nxd4 20. Bxd4 Bc7 21. Bc5 Qe8 22. Qb3 Rb8 23. Rfd1 Bb6 24. Rxd8 Qxd8 25. Rd1 Qe8 26. Rd6 Bxc5 27. bxc5 h6 28. Rxa6 Qe7 29.
c6 Qc5 30. Bf3 g5 31. h3 h5 32. Qb4 Qc1+ 33. Kg2 Kg7 34. Ra7 Qc2 35. Qe7 1-0

[Event "*** Titled Tuesday Blitz"]
[Site "Chess.com"]
[Date "2021.02.09"]
[Round "9"]
[White "Murad_Ibrahimli"]
[Black "Skatchkov_V"]
[Result "1-0"]
[WhiteElo "2714"]
[BlackElo "2535"]
[TimeControl "180+1"]
[EndTime "11:44:33 PST"]
[Termination "Murad_Ibrahimli won by resignation"]

1. c4 e5 2. Nc3 Nf6 3. e3 Bb4 4. Nge2 Nc6 5. Nd5 Nxd5 6. cxd5 Nb8 7. a3 Be7 8. b4 d6 9. d4 Nd7 10. Bb2 O-O 11. dxe5 Nxe5 12. Ng3 a5 13. Be2 Bf6 14. Bd4 c5 15. dxc6 bxc6 16. O-O Be6 17. Qc2 axb4 18. axb4 Rxa1 19. Rxa1 Qb8 20. Rb1 Qb7 21. h3 Rb8 22.
Ne4 Be7 23. b5 Bd5 24. Nc3 c5 25. Bxe5 dxe5 26. Nxd5 Qxd5 27. Bc4 Qb7 28. Qf5 Bf6 29. b6 Rd8 30. e4 Rd6 31. Bd5 Qb8 32. b7 g6 33. Qc8+ Rd8 34. Qxc5 Kg7 35. Ra1 Qd6 36. Qxd6 1-0